Map: Dusk Towers

Players

AcerBly (Bly) - Winner!

  • Race: Zerg Zerg
  • League: Master

frozz

  • Race: Terran Terran
  • League: Master

Event: DreamHack ZOWIE Open Leipzig

VOD

Have the link to the VOD?

Description

Time

  • Played on: Jan. 22, 2016, 7:41 a.m.
  • Length: 5:12

All games in this series

Show
View Real Time Build Order
Export as new Build Order

AcerBly Zerg - Winner!

Build Orders: Hatch First, Roach Zergling 

Get SALT Encoding   

  12  0:00  Drone  
  13  0:12  Overlord  
  13  0:19  Drone  
  14  0:30  Drone  
  14  0:31  Drone  
  16  0:35  Drone  
  17  0:52  Hatchery  
  16  0:59  Drone x2  
  16  1:02  Extractor  
  17  1:15  Drone, Spawning Pool  
  17  1:19  Drone  
  18  1:28  Drone  
  19  1:41  Overlord  
  19  2:02  Roach Warren  
  19  2:03  Queen, Zergling x4  
  19  2:04  Metabolic Boost  
  19  2:08  Zergling x2  
  23  2:16  Spine Crawler  
  23  2:18  Zergling x2  
  23  2:23  Zergling x2  
  21  2:42  Roach  
  21  2:52  Roach  
  23  3:16  Queen  
  23  3:18  Roach  
  23  3:19  Zergling x2  
  25  3:20  Zergling x2  
  25  3:25  Zergling x4  
  27  3:30  Zergling x2  
  27  3:34  Zergling x2  
  29  3:48  Roach  
  29  3:58  Roach  
  32  4:02  Zergling x2  
  28  4:14  Zergling x2  
  28  4:15  Roach x3  
  27  4:29  Roach  
  29  4:34  Zergling x4  
  31  4:38  Drone  
  31  4:46  Drone  
  32  4:53  Drone  
Show
View Real Time Build Order
Export as new Build Order

frozz Terran 

Build Orders: Proxy Build 

Get SALT Encoding   

  12  0:00  SCV  
  13  0:13  SCV  
  14  0:18  Supply Depot  
  14  0:25  SCV  
  15  0:40  Barracks  
  15  0:57  Barracks  
  15  1:04  Barracks  
  15  1:08  SCV  
  16  1:26  Marine  
  16  1:29  SCV  
  16  1:30  Barracks  
  18  1:44  Marine x2  
  20  1:51  Marine  
  21  1:58  Supply Depot  
  21  2:01  Bunker  
  21  2:03  Marine  
  21  2:08  Marine  
  23  2:19  Marine  
  24  2:26  Marine  
  24  2:27  Marine  
  26  2:34  Marine  
  23  2:37  Marine  
  23  2:44  Marine x2  
  22  2:52  Marine  
  22  2:55  Marine  
  24  3:02  Marine x2  
  26  3:10  Marine  
  24  3:13  Marine  
  24  3:20  Marine x2  
  25  3:28  Marine  
  25  3:30  Marine  
  26  3:38  Marine  
  27  3:47  Supply Depot  
  26  3:53  Marine  
  26  3:54  Marine x2  
  29  3:55  Marine  
  24  4:11  Marine x2  
  24  4:14  Marine  
  24  4:15  Marine  
  18  4:29  Marine x2  
  18  4:31  Marine  
  18  4:32  Marine  
  18  4:35  SCV  
  21  4:47  Marine x2  
  21  4:51  Marine  
  24  4:54  Marine  

Tags
 
Add a new tag
Caveats
  • Supply blocks, unpowered buildings, or Contaminate may cause inaccurate times.
  • Supply counts are checked every 10 seconds.